Map: Queda Cerúlea LE

Players

xXGabOXx

  • Race: Zerg Zerg
  • Spawn Location: 7:00

Vicster - Winner!

  • Race: Terran Terran
  • League: Gold
  • Spawn Location: 1:00

VOD

Have the link to the VOD?

Description

Time

  • Played on: Jan. 9, 2019, 3:38 p.m.
  • Length: 15:44
Show
View Real Time Build Order
Export as new Build Order

xXGabOXx Zerg 

Build Orders: Pool First 

Get SALT Encoding   

  12  0:01  Drone  
  13  0:16  Drone  
  13  0:20  Overlord  
  14  0:35  Spawning Pool  
  13  0:40  Drone  
  15  0:50  Drone x2  
  15  0:54  Extractor, Drone  
  16  1:02  Drone  
  17  1:14  Drone  
  18  1:25  Queen, Zergling x2  
  21  1:35  Drone  
  22  1:48  Overlord  
  22  1:56  Roach Warren  
  22  1:58  Drone  
  22  2:01  Extractor  
  22  2:07  Drone  
  22  2:18  Zergling x2  
  23  2:30  Drone  
  23  2:36  Drone x2  
  26  2:37  Roach  
  28  2:47  Roach  
  28  2:48  Lair  
  28  2:50  Metabolic Boost  
  30  3:01  Overlord  
  30  3:02  Evolution Chamber  
  29  3:13  Zergling x2  
  29  3:16  Overlord  
  30  3:25  Zergling x2  
  30  3:26  Roach x2  
  35  3:29  Zerg Missile Weapons Level 1  
  35  3:37  Drone  
  35  3:40  Drone x2  
  38  3:41  Roach  
  40  3:52  Roach  
  42  3:59  Spire  
  41  4:05  Roach  
  43  4:22  Hatchery  
  42  4:25  Zergling x2  
  42  4:29  Roach  
  45  4:37  Drone  
  46  4:38  Overlord  
  46  4:48  Overseer  
  46  4:50  Overseer  
  46  5:01  Spire  
  46  5:05  Drone x2  
  47  5:16  Mutalisk  
  30  5:51  Hatchery  
  15  6:23  Mutalisk x2  
  19  6:27  Drone  
  20  6:41  Drone x3  
  23  7:09  Drone  
  23  7:12  Drone x3  
  27  7:17  Drone  
  27  7:21  Drone  
  29  7:47  Drone  
  29  7:48  Drone x2  
  29  7:50  Mutalisk x2  
  36  8:01  Zerg Flyer Weapons Level 1  
  36  8:09  Zerg Flyer Armor Level 1  
  36  8:13  Drone x2  
  36  8:16  Drone  
  39  8:43  Mutalisk  
  39  8:44  Mutalisk x2  
  45  8:57  Spore Crawler  
  45  9:00  Spore Crawler, Drone x2  
  45  9:03  Drone x3  
  45  9:05  Drone  
  45  9:06  Drone x2  
  45  9:09  Queen  
  53  9:28  Drone x2  
  56  9:31  Drone x2  
  56  9:34  Extractor  
  56  9:37  Drone  
  56  9:38  Extractor  
  56  9:49  Drone  
  56  9:50  Drone  
  58  9:54  Extractor  
  58  9:57  Extractor, Drone  
  58  9:58  Queen, Drone  
  60  10:10  Mutalisk x3  
  66  10:17  Infestation Pit  
  65  10:26  Zergling x2  
  66  10:31  Overlord x2  
  56  10:56  Mutalisk x3  
  35  11:27  Infestor  
  35  11:28  Infestor x2  
  34  12:04  Hatchery  
  33  12:10  Hatchery  
  12  13:16  Drone  
  13  13:23  Drone  
  13  13:25  Burrow  
  14  13:27  Drone  
  15  13:36  Drone  
  15  13:39  Drone  
  17  13:51  Drone  
  18  13:58  Spawning Pool  
  18  14:00  Drone  
  18  14:05  Drone x2  
  18  14:08  Drone  
  21  14:12  Drone  
  22  14:29  Drone  
  23  14:32  Drone x2  
  23  14:35  Drone  
  19  15:16  Drone x3  
Show
View Real Time Build Order
Export as new Build Order

Vicster Terran - Winner!

Build Orders:  

Get SALT Encoding   

  12  0:01  SCV  
  13  0:13  SCV  
  14  0:18  Supply Depot  
  14  0:25  SCV  
  15  0:39  SCV  
  16  0:42  Barracks  
  16  0:51  SCV  
  17  1:03  SCV  
  18  1:05  Supply Depot  
  18  1:06  Refinery  
  18  1:08  Refinery  
  18  1:15  SCV  
  19  1:29  Orbital Command  
  19  1:46  Barracks Reactor  
  19  1:51  Barracks  
  19  1:54  Barracks  
  19  1:57  SCV  
  20  2:13  SCV  
  21  2:17  Factory  
  21  2:23  Marine x2  
  21  2:25  SCV  
  24  2:38  SCV  
  24  2:42  Barracks Tech Lab  
  25  2:47  Barracks Tech Lab  
  25  2:49  Supply Depot  
  25  2:50  SCV  
  26  2:52  Marine x2  
  28  3:02  SCV, Starport  
  29  3:06  Stimpack  
  29  3:14  SCV  
  29  3:19  Supply Depot  
  30  3:21  Combat Shield  
  30  3:25  Marine  
  30  3:26  SCV  
  32  3:36  Widow Mine  
  34  3:42  SCV  
  34  3:44  Marine x2, Supply Depot  
  34  3:45  Marine  
  38  3:53  Medivac  
  40  4:00  SCV, Supply Depot  
  40  4:01  Marine  
  42  4:10  Marine x2  
  42  4:11  Marine  
  45  4:19  Marine  
  45  4:20  Widow Mine  
  45  4:22  SCV  
  45  4:23  Medivac  
  51  4:30  Supply Depot  
  51  4:34  Marine, SCV  
  53  4:43  Widow Mine  
  55  4:46  Marine  
  55  4:50  SCV  
  57  4:53  Medivac  
  57  4:55  Supply Depot  
  59  5:15  Factory Tech Lab  
  59  5:16  SCV  
  60  5:26  Command Center  
  60  5:28  SCV  
  45  6:23  Marauder x2  
  45  6:24  Marine x2  
  45  6:25  Siege Tank  
  54  6:26  Starport Reactor  
  54  6:30  Barracks  
  54  6:33  Barracks  
  54  6:37  Supply Depot x2  
  54  6:40  Supply Depot  
  54  6:43  Engineering Bay  
  54  6:46  Orbital Command, Engineering Bay  
  54  6:47  Command Center  
  54  6:55  Concussive Shells  
  54  6:56  Unknown  
  54  6:58  Siege Tank  
  57  7:11  Supply Depot, Terran Infantry Weapons Level 1  
  57  7:23  Refinery  
  57  7:29  Barracks Reactor  
  57  7:30  Missile Turret  
  57  7:32  Barracks Reactor  
  57  7:41  SCV  
  58  7:45  Refinery  
  58  7:48  SCV  
  59  7:52  Terran Infantry Armor Level 1  
  59  7:53  SCV  
  59  7:57  Missile Turret  
  60  8:00  SCV, Medivac  
  60  8:05  SCV  
  64  8:09  Orbital Command  
  64  8:12  SCV  
  65  8:20  Marine x3  
  65  8:21  Marine  
  65  8:24  Cyclone  
  72  8:31  SCV x2  
  72  8:32  Unknown  
  74  8:38  Marine x2  
  76  8:43  SCV x2  
  76  8:47  Armory  
  78  8:50  Barracks  
  78  8:53  SCV  
  78  8:55  SCV x2  
  81  9:05  SCV  
  81  9:07  SCV x2  
  84  9:14  Marine x2  
  84  9:15  Marine x6  
  84  9:16  Refinery  
  92  9:17  SCV  
  92  9:18  Siege Tank  
  92  9:19  SCV  
  92  9:20  Refinery  
  92  9:21  Medivac  
  99  9:32  Marine x5  
  99  9:34  Terran Vehicle Weapons Level 1  
  99  9:35  Terran Infantry Weapons Level 2  
  104  9:46  SCV x3  
  104  9:48  Marine  
  104  9:49  Marine x2  
  110  9:53  Siege Tank  
  110  9:54  Command Center  
  110  9:56  Medivac  
  110  9:58  SCV x3  
  118  10:02  Supply Depot  
  118  10:06  Supply Depot  
  118  10:10  SCV  
  114  11:12  Marine x6  
  114  11:13  Marine x2  
  114  11:14  Siege Tank, Medivac  
  114  11:15  Medivac  
  129  11:30  Marine x8  
  134  11:46  SCV x3  
  137  11:47  Marine, Terran Infantry Armor Level 2  
  137  11:49  Terran Vehicle And Ship Armor Level 1  
  138  11:58  SCV x3  
  141  12:10  SCV x3  
  144  12:28  SCV x3  
  144  12:29  Marine x3  
  148  12:30  Marine x5  
  148  12:32  Siege Tank  
  148  12:33  Medivac  
  148  12:35  Medivac  
  162  12:40  SCV x3  
  165  12:47  Marine x7  
  172  13:25  Command Center  
  172  13:38  Barracks, Command Center  
  172  13:39  Barracks  
  172  13:40  Barracks x2  
  172  13:47  Command Center  
  172  14:22  Supply Depot  
  172  14:24  Supply Depot  
  172  14:25  Supply Depot  
  172  14:27  Supply Depot x2  
  172  14:30  Supply Depot  
  172  14:31  Supply Depot  
  172  14:36  Marine x5, SCV x3, Supply Depot, Siege Tank  
  172  14:37  Supply Depot  
  183  14:48  SCV x3  
  186  14:53  Supply Depot  
  186  14:55  Supply Depot  
  186  14:56  Marine  
  186  14:57  Marine x7  
  186  14:58  Supply Depot  
  194  15:00  SCV, Medivac x2  
  199  15:11  Refinery, Orbital Command  
  199  15:14  Marine  
Tags
 
League
Gold
Matchup
TvZ
Opening
Pool First
Replay Pack
Vicster replay
Spawn Locations
Cross Positions
Add a new tag
Caveats
  • Supply blocks, unpowered buildings, or Contaminate may cause inaccurate times.
  • Supply counts are checked every 10 seconds.